 Dungeon Crawl Stone Soup version 0.17.1-3-g152610e (webtiles) character file.

517 Vit the Magician (level 7, -4/36 HPs)
             Began as a Deep Elf Wizard on Apr 13, 2016.
             Slain by a wolf (7 damage)
             ... on level 8 of the Dungeon on Apr 15, 2016.
             The game lasted 01:09:39 (5957 turns).

Vit the Magician (Deep Elf Wizard)                  Turns: 5957, Time: 01:09:39

Health: -4/36      AC:  4    Str:  4    XL:     7   Next: 0%
Magic:  20/20      EV: 13    Int: 25    God:
Gold:   317        SH:  0    Dex: 13    Spells: 6 memorised, 8 levels left

rFire  + . .     SeeInvis .     F - +1 falchion (elec)
rCold  . . .     Clarity  .     D - +0 robe (curse)
rNeg   . . .     SustAt   .     (no shield)
rPois  .         Gourm    .     b - +0 hat
rElec  .         Spirit   .     E - +0 cloak
rCorr  +         Warding  .     p - +0 pair of gloves
rMut   .         Stasis   .     (no boots)
MR     .....                    z - amulet of resist corrosion
Stlth  ++........               s - ring of flight
                                m - ring of protection from fire

@: not resistant to hostile enchantments, unstealthy
A: no striking features
a: Evoke Flight


You were on level 8 of the Dungeon.
You were not hungry.

You visited 1 branch of the dungeon, and saw 6 of its levels.

You collected 317 gold pieces.

Inventory:

Hand Weapons
 e - a +6 short sword
 l - a +2 short sword of electrocution
 r - a +0 rapier of venom
 F - a +1 falchion of electrocution (weapon)
Armour
 b - a +0 hat (worn)
 p - a +0 pair of gloves (worn)
 y - a +0 helmet
 D - a cursed +0 robe (worn)
 E - a +0 cloak (worn)
Jewellery
 m - a ring of protection from fire (left hand)
 s - a ring of flight (right hand)
 z - an amulet of resist corrosion (around neck)
Wands
 G - a wand of disintegration (17)
Scrolls
 g - 2 scrolls of teleportation {unknown}
 h - a scroll of immolation
 i - 2 scrolls of remove curse
 j - a scroll of recharging
 k - a scroll of fog {unknown}
 u - a scroll of fear {unknown}
 x - 3 scrolls of identify
 B - a scroll of magic mapping {unknown}
Potions
 a - a potion of agility {unknown}
 f - a potion of degeneration {unknown}
 n - a potion of ambrosia {unknown}
 o - a potion of magic {unknown}
 q - 2 potions of curing {unknown}
 t - 2 potions of heal wounds {unknown}
 v - a potion of resistance {unknown}
 w - 2 potions of might {unknown}
 A - a potion of cure mutation {unknown}
 C - 2 potions of flight {unknown}
 J - a potion of brilliance {unknown}
 L - 2 potions of poison {unknown}
Books
 c - a book of Minor Magic

   Spells                             Type                      Level
   a - Magic Dart                     Conjuration                  1
   b - Blink                          Translocation                2
   c - Call Imp                       Summoning                    2
   d - Repel Missiles                 Charms/Air                   2
   e - Slow                           Hexes                        2
   f - Conjure Flame                  Conjuration/Fire             3
   g - Mephitic Cloud                 Conjuration/Poison/Air       3
Comestibles
 d - 5 bread rations
 H - a beef jerky
 I - a meat ration
 K - 2 chunks of flesh


   Skills:
 + Level 0.2 Short Blades
 + Level 3.9 Dodging
 + Level 3.4 Stealth
 + Level 7.5 Spellcasting
 + Level 4.1 Conjurations
   Level 1.1 Summonings
 + Level 1.1 Translocations
 - Level 0.7 Fire Magic
 * Level 2.1 Air Magic
 + Level 0.7 Evocations


You had 8 spell levels left.
You knew the following spells:

 Your Spells              Type           Power        Failure   Level  Hunger
b - Blink                 Tloc           N/A          10%         2    None
c - Slow                  Hex            #.......     12%         2    None
d - Repel Missiles        Chrm/Air       ##....       10%         2    None
e - Conjure Flame         Conj/Fire      ###.....     10%         3    None
f - Mephitic Cloud        Conj/Pois/Air  ###.....     12%         3    None
z - Magic Dart            Conj           ####         1%          1    None


Dungeon Overview and Level Annotations

Branches:
Dungeon (8/15)               Lair (0/8) D:8
 Temple: D:4-7

Altars:
Ashenzari
Dithmenos
Kikubaaqudgha
Trog
Xom

Annotations:
D:8 Psyche


Message History

Found 18 gold pieces.
Found the +2 pair of boots of the Assassin {DetectMon Stab+ Stlth++}.
The wolf bites you.
* * * LOW HITPOINT WARNING * * *
The wolf barely misses you. The wolf barely misses you.
Drink which item? (? for menu, Esc to quit)
Okay, then.
The shadow imp spits at you.
The wolf bites you but does no damage. x2
The crimson imp puffs mist at you.
The shadow imp picks up a beetle and eats it.
The wolf bites you.
* * * LOW HITPOINT WARNING * * *
The wolf bites you.
* * * LOW HITPOINT WARNING * * *
The crimson imp blinks!
The hound closely misses you. The wolf closely misses you. The wolf bites you!
You die...

.... +........@...#..≈≈
......#.....T........≈≈≈
......#.../.h.....#.≈≈≈≈
......#.....h(....#.≈≈≈≈
..........5....####≈≈≈≈
.........h...#s....≈≈≈≈
#####.........#.....≈≈≈≈
.......hh.h.........≈≈≈.
.......@h....[......≈
...............#.###.
#####..............
#.........###.#
#.....#.##..
......#.....
.......#.... ........#
..


You could see a troll, 2 wolves, 5 hounds and a shadow imp.

Vanquished Creatures
  Edmund (D:4)
  A centaur (D:5)
  A scorpion (D:5)
  Robin (D:4)
  7 gnolls
  6 adders
  An ooze (D:1)
  An adder skeleton (D:4)
  An adder zombie (D:5)
  6 worms (D:3)
  3 giant geckos
  An orc (D:4)
  4 giant cockroaches
  25 goblins
  7 hobgoblins
  7 kobolds
  4 quokkas
  7 bats
  A giant cockroach zombie (D:5)
  7 giant newts
  19 jackals
  A quokka skeleton (D:5)
  3 rats
115 creatures vanquished.

Notes
Turn   | Place    | Note
--------------------------------------------------------------
     0 | D:1      | Vit the Deep Elf Wizard began the quest for the Orb.
     0 | D:1      | Reached XP level 1. HP: 10/10 MP: 7/7
   329 | D:1      | Reached XP level 2. HP: 15/15 MP: 4/9
   400 | D:1      | Reached skill level 5 in Spellcasting
   661 | D:1      | Reached XP level 3. HP: 19/19 MP: 3/11
   997 | D:1      | Learned a level 2 spell: Blink
  1000 | D:1      | Learned a level 2 spell: Slow
  1003 | D:1      | Learned a level 2 spell: Repel Missiles
  1607 | D:2      | Reached XP level 4. HP: 24/24 MP: 8/13
  1854 | D:3      | Reached skill level 6 in Spellcasting
  1891 | D:3      | Learned a level 3 spell: Mephitic Cloud
  1915 | D:3      | Learned a level 3 spell: Conjure Flame
  1954 | D:3      | Noticed a moth of wrath
  2161 | D:3      | Found a bloodstained altar of Trog.
  2468 | D:3      | Reached XP level 5. HP: 28/28 MP: 10/15
  2636 | D:3      | Found a shimmering altar of Xom.
  2979 | D:4      | Noticed Robin
  3002 | D:4      | Killed Robin
  3053 | D:4      | Found a shattered altar of Ashenzari.
  4008 | D:4      | Noticed Edmund
  4447 | D:4      | Killed Edmund
  4447 | D:4      | Reached skill level 7 in Spellcasting
  4447 | D:4      | Reached skill level 1 in Air Magic
  4447 | D:4      | Reached XP level 6. HP: 16/32 MP: 0/18
  5175 | D:5      | Entered Level 5 of the Dungeon
  5203 | D:5      | Found a shadowy altar of Dithmenos.
  5818 | D:5      | Reached XP level 7. HP: 33/36 MP: 5/20
  5920 | D:5      | Found an ancient bone altar of Kikubaaqudgha.
  5937 | D:5      | You fall through a shaft for 3 floors!
  5937 | D:8      | Found a staircase to the Lair.
  5937 | D:8      | Noticed a troll
  5937 | D:8      | Noticed Psyche
  5957 | D:8      | Slain by a wolf

Action                   |  1- 3 |  4- 6 |  7- 9 || total
-------------------------+-------+-------+-------++-------
Melee: Short sword       |     4 |    23 |       ||    27
 Cast: Magic Dart        |    86 |   216 |       ||   302
       Repel Missiles    |     1 |     2 |       ||     3
       Conjure Flame     |       |    20 |       ||    20
       Blink             |       |     1 |       ||     1
       Mephitic Cloud    |       |     4 |       ||     4
Evoke: Wand              |       |     3 |       ||     3
  Use: Scroll            |       |     4 |       ||     4
  Eat: Chunk             |     2 |    11 |     1 ||    14
       Pizza             |       |     1 |       ||     1
